 Dungeon Crawl Stone Soup version 0.31-a0-1074-g0b22e4e0f1 (webtiles) character file.

Game seed: 4722622656121445834

30 Curundu the Trooper (level 3, -3/33 HPs)
             Began as a Draconian Berserker on Nov 29, 2023.
             Was a Believer of Trog.
             Slain by a gnoll
             ... wielding a +0 club
              (5 damage)
             ... on level 2 of the Dungeon.
             The game lasted 00:06:37 (1044 turns).

Curundu the Trooper (Draconian Berserker)           Turns: 1044, Time: 00:06:37

Health: -3/33      AC:  6    Str: 19    XL:     3   Next: 3%
Magic:  3/3        EV: 12    Int:  7    God:    Trog [**....]
Gold:   69         SH:  0    Dex: 12    Spells: 2/2 levels left

rFire   . . .        a - +0 hand axe
rCold   . . .        (no shield)
rNeg    . . .        (body armour unavailable)
rPois   .            (helmet restricted)
rElec   .            d - +0 cloak
rCorr   .            (no gloves)
SInv    .            (no boots)
Will    .....        (no amulet)
Stlth   +            (no ring)
HPRegen 0.25/turn    (no ring)
MPRegen 0.08/turn

%: no passive effects
@: no status effects
A: AC +5, unfitting armour, cold-blooded
a: Renounce Religion, Berserk, Trog's Hand


You were on level 2 of the Dungeon.
You worshipped Trog.
Trog was pleased with you.
You visited 1 branch of the dungeon, and saw 2 of its levels.

You collected 69 gold pieces.

Inventory:

Hand Weapons
 a - a +0 hand axe (weapon)
Missiles
 b - 5 poisoned darts
 h - a throwing net
 l - 5 datura-tipped darts
Armour
 d - a +0 cloak (worn)
Magical Staves
 i - a staff of earth
Jewellery
 k - an amulet of reflection
Scrolls
 f - a scroll of revelation {unknown}
 g - a scroll of amnesia {unknown}
 j - a scroll of torment {unknown}
Potions
 c - a potion of lignification {unknown}
 e - a potion of curing {unknown}


   Skills:
 + Level 3.7 Fighting
 + Level 3.5 Axes
 + Level 3.0 Dodging


You had 2 spell levels left.
You didn't know any spells.
Your spell library was empty.

Dungeon Overview and Level Annotations

Branches:
Dungeon (2/15)

Altars:


Innate Abilities, Weirdness & Mutations

Your plain brown scales are hard. (AC +5)
You cannot fit into any form of body armour.
You are cold-blooded and may be slowed by cold attacks.


Message History

You struggle to detach yourself from the web.
You disentangle yourself.
There is a stone staircase leading down here.
You climb downwards.
Found 8 stones.
There is a stone staircase leading up here.
You hit the bat.
You kill the bat!
Trog accepts your kill.
There is a stone staircase leading up here.
An adder comes into view.
A gnoll comes into view. It is wielding a +0 whip.
Found a stone staircase leading down.
A gnoll and a hobgoblin come into view.
The gnoll shouts!
The hobgoblin shouts!
You hear a shout!
A gnoll comes into view. It is wielding a +0 club.
You hear an angry hiss.
You hit the gnoll.
The gnoll is lightly wounded.
The gnoll hits you with a +0 whip.
You hit the gnoll.
The gnoll is moderately wounded.
The gnoll hits you but does no damage.
You hit the gnoll but do no damage.
The gnoll is moderately wounded.
The gnoll hits you with a +0 whip.
You hit the gnoll.
The gnoll is moderately wounded.
The gnoll closely misses you. The gnoll hits you with a +0 whip.
You hit the gnoll but do no damage.
The gnoll is moderately wounded.
The gnoll hits you from afar with a +0 halberd!
The gnoll barely misses you.
The gnoll hits you from afar with a +0 halberd!
* * * LOW HITPOINT WARNING * * *
You hit the gnoll but do no damage.
A frilled lizard comes into view.
The gnoll completely misses you.
You hit the gnoll but do no damage. The gnoll hits you with a +0 club.
You die...

#. #S# #......#
#.##.# #......#
##....###......#
#.......#......#
......#.#......#
# #....<...####
#.##.##.#####
#.......#
####@#### ##g##


#ggg# #l........ .....##.##. #.#.#... .. # #.##### .. >. . #.. You could see 3
gnolls, a hobgoblin and a frilled lizard.

Vanquished Creatures
  4 ball pythons (D:1)
  4 bats
  3 endoplasms (D:1)
  5 giant cockroaches (D:1)
  A goblin (D:1)
  2 hobgoblins (D:1)
  2 jackals (D:1)
  2 frilled lizards (D:1)
  2 kobolds (D:1)
  A rat (D:1)
26 creatures vanquished.

Notes
Turn   | Place    | Note
-------+----------+-------------------------------------------
     0 | D:1      | Curundu the Draconian Berserker began the quest for the
                  | Orb.
     0 | D:1      | Reached XP level 1. HP: 19/19 MP: 1/1
    60 | D:1      | Reached XP level 2. HP: 25/26 MP: 2/2
   460 | D:1      | Reached ** piety under Trog
   732 | D:1      | Reached XP level 3. HP: 33/33 MP: 3/3
   863 | D:1      | Found a faded altar of an unknown god.
  1044 | D:2      | Slain by a gnoll

Illustrated notes

Levels and vault maps discovered:
D:1:      minmay_arrival_wavy_path, layout_loops_ring,
          shapermc_ecumenical_altar_mp_highgroup, kennysheep_crisscross,
          minmay_tiny_reverse_x
D:2:      layout_loops_cross

Skill      XL: |  1  2 |
---------------+-------+-----
Dodging        | 3 |  3.0
Fighting       | |  3.7
Axes           | |  3.5

Action                     || total
---------------------------++-------
  Melee: Hand axe          ||    72
         Tailslap          ||     4
         Punch             ||     1
 Armour: Skin              ||    46
  Dodge: Dodged            ||    56

Table legend: (Time is in decaauts)
 A = Elapsed time spent in this place.
 B = Non-inter-level travel time spent in this place.
 C = Inter-level travel time spent in this place.
 D = Time resting spent in this place.
 E = Time spent auto-exploring this place.
 F = Levels seen in this place.
 G = Mean time per level.
                   A        B        C        D        E       F      G
               +--------+--------+--------+--------+--------+-----+--------+
         Total |   1055 |   1055 |      0 |      0 |      0 |   2 |  527.5 |
       Dungeon |   1055 |   1055 |      0 |      0 |      0 |   2 |  527.5 |
               +--------+--------+--------+--------+--------+-----+--------+

Top non-repeatable levels by time:
     D:1: 1024 daAuts
     D:2: 30 daAuts
